AoeStats
← Embege

Lombardia

510193398Analyzed
4v4 RM · 2d ago on Sep 29, 2026· 52m 43s· 8 players
Game mode
Random Map
Map size
Large (8 player)
Population
200
Speed
Normal
Resources
Standard
Victory
Conquest
Starting age
Dark Age
Ending age
Imperial Age
RankedLock teamsTeams togetherTeam positionsShared explorationLock speedFull tech treeHidden civsTurbo modeCheats
Victory
Defeat
🇨🇦 Saxons · Canada
1532
+13
🇭🇰 Lithuanians · Hong Kong SAR China
1465
+16
🇮🇩 Bengalis · Indonesia
1406
+18
🇮🇩 Goths · Indonesia
1396
+18
🇲🇽 Hindustanis · Mexico
1544
-20
🇲🇽 Mongols · Mexico
1454
-16
🇨🇱 Magyars · Chile
1418
-15
🇺🇸 Magyars · United States
1399
-14
JMDDN
7:38 Loom
10:04 Feudal Age
11:24 Double-Bit Axe
16:44 Castle Age
16:17 Horse Collar
26:32 Wheelbarrow
26:13 Bow Saw
27:47 Ballistics
28:56 Fletching
29:37 Hand Cart
29:08 Town Watch
29:33 Heavy Plow
29:45 Scale Mail Armor
29:41 Bodkin Arrow
30:29 Stone Mining
30:30 Gold Mining
30:57 Treadmill Crane
31:34 Scale Mail Armor
31:45 Forging
32:08 Squires
31:55 Arson
35:07 Imperial Age
32:53 Chain Mail Armor
34:33 Iron Casting
34:13 Masonry
34:52 Elite Skirmisher
35:39 Thumb Ring
35:35 Padded Archer Armor
35:11 Shield Wall
36:12 Conscription
36:23 Plate Mail Armor
35:20 Elite Hearth Troop
36:25 Bracer
36:42 Leather Archer Armor
38:23 Gold Shaft Mining
37:50 Gambesons
39:04 Ring Archer Armor
39:31 Architecture
40:02 Chemistry
38:58 Murder Holes
39:41 Hoardings
42:35 Capped Ram
43:45 Siege Ram
45:29 Two-Man Saw
44:36 Siege Ram
46:37 Fortified Wall
52:46 Town Patrol
大庆Song
3:23 Loom
10:05 Feudal Age
11:05 Horse Collar
20:05 Wheelbarrow
20:11 Gold Mining
23:22 Castle Age
24:21 Hand Cart
25:23 Scale Barding Armor
26:08 Bloodlines
27:12 Forging
26:48 Double-Bit Axe
27:41 Town Watch
30:25 Husbandry
32:59 Chain Barding Armor
39:16 Iron Casting
39:20 Fletching
43:41 Imperial Age
42:27 Caravan
43:07 Light Cavalry
43:45 Bodkin Arrow
45:15 Plate Barding Armor
44:07 Cavalier
45:37 Winged Hussar
51:48 Heavy Plow
VSPR | Valkyrie
10:08 Feudal Age
14:11 Castle Age
12:02 Double-Bit Axe
17:07 Bow Saw
17:09 Loom
21:51 Horse Collar
22:56 Wheelbarrow
28:58 Pikeman
31:13 Hand Cart
31:34 Heavy Plow
35:36 Imperial Age
33:51 Forging
34:37 Squires
35:35 Scale Mail Armor
36:10 Iron Casting
35:28 Gold Mining
35:28 Stone Mining
36:14 Halberdier
36:45 Town Watch
37:17 Chain Mail Armor
37:40 Conscription
37:54 Anarchy
38:14 Elite Huskarl
40:06 Blast Furnace
43:19 Two-Man Saw
42:25 Heavy Scorpion
46:30 Ballistics
47:11 Chemistry
47:59 Fletching
48:13 Capped Ram
51:07 Bodkin Arrow
52:31 Town Patrol
Embege
3:09 Loom
10:43 Feudal Age
10:57 Feudal Age
15:05 Castle Age
12:53 Double-Bit Axe
23:44 Wheelbarrow
23:45 Pikeman
27:30 Horse Collar
31:03 Gold Mining
31:25 Bow Saw
32:25 Scale Mail Armor
32:37 Forging
32:29 Squires
33:10 Gold Shaft Mining
32:26 Stone Mining
34:12 Heavy Plow
34:58 Hand Cart
39:09 Imperial Age
36:32 Fletching
36:42 Padded Archer Armor
37:45 Bodkin Arrow
38:46 Ballistics
38:42 Leather Archer Armor
40:00 Husbandry
40:10 Bloodlines
40:09 Paiks
40:22 Caravan
40:52 Coinage
40:17 Elite Elephant Archer
41:25 Bracer
42:35 Chemistry
42:58 Two-Man Saw
42:48 Ring Archer Armor
44:27 Crop Rotation
44:29 Conscription
45:18 Banking
44:58 Guilds
45:26 Siege Engineers
49:04 Fortified Wall
49:26 Herbal Medicine
52:14 Mahayana
DuckySkydiver69
6:21 Loom
9:40 Feudal Age
10:23 Double-Bit Axe
12:26 Scale Barding Armor
13:25 Horse Collar
20:48 Castle Age
20:16 Bloodlines
20:56 Light Cavalry
22:22 Wheelbarrow
21:48 Heavy Plow
26:58 Bow Saw
28:35 Chain Barding Armor
30:11 Caravan
34:24 Imperial Age
35:04 Cavalier
37:31 Plate Barding Armor
38:01 Scale Mail Armor
37:24 Man-at-Arms
38:08 Long Swordsman
39:07 Chain Mail Armor
38:57 Two-Handed Swordsman
40:11 Champion
41:51 Arson
41:43 Pikeman
41:59 Capped Ram
50:47 Ballistics
51:45 Fletching
51:56 Padded Archer Armor
Moris )
5:56 Loom
8:25 Feudal Age
9:14 Double-Bit Axe
13:33 Forging
16:28 Scale Barding Armor
19:24 Castle Age
18:01 Bloodlines
18:11 Horse Collar
19:33 Gold Mining
20:08 Husbandry
20:29 Bow Saw
21:51 Light Cavalry
23:35 Chain Barding Armor
26:53 Wheelbarrow
27:49 Heavy Plow
28:52 Gold Shaft Mining
32:37 Imperial Age
30:26 Hand Cart
29:56 Town Watch
31:52 Gold Shaft Mining
31:20 Stone Mining
32:24 Padded Archer Armor
33:55 Leather Archer Armor
33:32 Hussar
34:01 Heavy Camel Rider
36:20 Chemistry
36:22 Plate Barding Armor
36:07 Imperial Camel Rider
37:37 Ring Archer Armor
37:48 Conscription
38:44 Iron Casting
40:53 Blast Furnace
Ux'Dora La Exploradora
8:00 Feudal Age
8:17 Loom
8:38 Double-Bit Axe
16:25 Wheelbarrow
20:17 Castle Age
19:30 Gold Mining
19:22 Horse Collar
21:25 Bow Saw
28:00 Hand Cart
32:09 Imperial Age
29:59 Heavy Plow
30:01 Stone Mining
30:14 Fletching
30:30 Husbandry
31:10 Ballistics
31:31 Stone Shaft Mining
31:21 Bodkin Arrow
32:27 Gold Shaft Mining
33:41 Conscription
33:25 Bracer
34:28 Chemistry
34:01 Padded Archer Armor
34:11 Thumb Ring
34:32 Parthian Tactics
34:20 Bloodlines
35:36 Leather Archer Armor
35:38 Capped Ram
38:14 Siege Ram
40:14 Elite Mangudai
41:05 Onager
43:35 Caravan
43:35 Siege Onager
44:41 Scale Barding Armor
44:46 Forging
45:58 Drill
Thanos 2022
6:39 Loom
9:03 Feudal Age
9:49 Double-Bit Axe
11:24 Horse Collar
19:36 Castle Age
18:08 Gold Mining
18:09 Fletching
18:34 Bloodlines
18:49 Padded Archer Armor
19:46 Light Cavalry
20:26 Bodkin Arrow
25:08 Leather Archer Armor
25:37 Ballistics
26:06 Bow Saw
27:37 Wheelbarrow
28:53 Heavy Plow
35:09 Imperial Age
33:34 Town Watch
35:40 Husbandry
37:22 Chemistry
36:29 Thumb Ring
37:12 Parthian Tactics
37:04 Bracer
38:10 Conscription
39:04 Recurve Bow
39:03 Heavy Cavalry Archer
51:22 Town Patrol
Connection lost

Rejoining the realm…

Still unreachable

The connection could not be restored.

Session expired

The server has moved on; the page needs a fresh start.